 Dungeon Crawl Stone Soup version 0.27.1-4-g1640c2035a (webtiles) character file.

Game seed: 2392655348634039052

32 croobank the Digger (level 2, 0/20 HPs)
             Began as a Demigod Earth Elementalist on Nov 15, 2021.
             Frozen to death by an endoplasm (2 damage)
             ... on level 2 of the Dungeon on Nov 16, 2021.
             The game lasted 00:10:21 (1600 turns).

croobank the Digger (Demigod Earth Elementalist)    Turns: 1600, Time: 00:10:21

Health: 0/20       AC:  5    Str:  9    XL:     2   Next: 93%
Magic:  7/7        EV: 10    Int: 17    God:
Gold:   57         SH:  0    Dex: 14    Spells: 4/5 levels left

rFire    . . .     SeeInvis .   g - +0 short sword
rCold    . . .     Faith    .   (no shield)
rNeg     . . .     Spirit   .   a - +0 ring mail
rPois    .         Reflect  .   (no helmet)
rElec    .         Harm     .   (no cloak)
rCorr    .         Rampage  .   (no gloves)
Will     .....                  (no boots)
Stlth    +.........             (no amulet)
HPRegen  0.06/turn              (no ring)
MPRegen  0.10/turn              (no ring)

@: no status effects
A: high mp 1, forlorn
a: no special abilities


You were on level 2 of the Dungeon.
You visited 1 branch of the dungeon, and saw 2 of its levels.

You collected 57 gold pieces.

Inventory:

Hand Weapons
 d - a +0 mace
 g - a +0 short sword (weapon)
Armour
 a - a +0 ring mail (worn)
 b - a +0 robe
Jewellery
 f - a ring of magical power
Scrolls
 c - a scroll of identify


   Skills:
 + Level 2.1 Dodging
 + Level 1.8 Stealth
 + Level 2.3 Spellcasting
 + Level 0.8 Transmutations
 + Level 3.2 Earth Magic


You had 4 spell levels left.
You knew the following spells:

 Your Spells              Type           Power      Damage    Failure   Level
a - Sandblast             Erth           24%        2d8       14%         1

Your spell library contained the following spells:

 Spells                   Type           Power      Damage    Failure   Level
 Passwall                 Tmut/Erth      6%         N/A       34%         2
 Stone Arrow              Conj/Erth      14%        3d7       63%         3
 Petrify                  Tmut/Erth      8%         N/A       92%         4


Dungeon Overview and Level Annotations

Branches:
Dungeon (2/15)


Innate Abilities, Weirdness & Mutations

Your attributes grow dramatically as you level up.
You have an increased reservoir of magic. (+10% MP)
You shall have no god before yourself.


Message History

There is a stone staircase leading down here.
You climb downwards.
There is a stone staircase leading up here.
A ball python comes into view.
The ball python hisses angrily.
Found a stone staircase leading down.
Found a club.
You closely miss the ball python.
The ball python bites you but does no damage.
The ball python barely misses you.
You hit the ball python.
You kill the ball python!
An adder comes into view.
The adder hisses angrily.
An endoplasm comes into view.
The endoplasm quivers.
The adder bites you. The adder closely misses you.
The adder bites you but does no damage.
You hit the adder.
The adder is moderately wounded.
The adder bites you but does no damage. The adder completely misses you.
Found a stone staircase leading up.
The adder bites you but does no damage. The endoplasm freezes you.
You are frozen.
* * * LOW HITPOINT WARNING * * *
The adder closely misses you. The adder bites you.
* * * LOW HITPOINT WARNING * * *
The goblin unwields a +0 hunting sling.
The goblin wields a +4 dagger of speed.
The goblin hits you but does no damage.
The goblin hits you with a +4 dagger of speed.
* * * LOW HITPOINT WARNING * * *
The adder bites you but does no damage. The adder bites you but does no damage.
The endoplasm freezes you.
You are frozen.
You die...

########.####..<....
#............
.....####....
.###..###.#.#
........#..
#####.)......
###########............
#..............###.#...
#.....@Jg.......##.###.
#......S...........##..
#......................
#..........###.........
#..........##..........
#..........##..........
#############..........
#.......... #..........


You could see an adder, an endoplasm and a goblin.

Vanquished Creatures
  3 dart slugs (D:1)
  An endoplasm (D:1)
  A giant cockroach (D:2)
  4 hobgoblins
  A quokka (D:1)
  4 ball pythons
  3 bats (D:1)
  3 frilled lizards (D:1)
  2 goblins (D:1)
  2 kobolds (D:1)
  3 rats (D:1)
27 creatures vanquished.

Notes
Turn   | Place    | Note
-------+----------+-------------------------------------------
     0 | D:1      | croobank the Demigod Earth Elementalist began the quest for
                  | the Orb.
     0 | D:1      | Reached XP level 1. HP: 14/14 MP: 5/5
   374 | D:1      | Reached skill level 3 in Earth Magic
   439 | D:1      | Reached XP level 2. HP: 20/20 MP: 5/7
  1600 | D:2      | Frozen to death by an endoplasm

Illustrated notes

Levels and vault maps discovered:
D:1:      arrival_zaba_pyramid, layout_basic, minmay_split_cup_small
D:2:      layout_rooms, basic_altar

Skill      XL: |  1 |
---------------+----+-----
Dodging        | 2 |  2.1
Spellcasting   | 2 |  2.3
Earth Magic    | 3 |  3.2
Stealth        | |  1.8
Transmutations | |  0.8

Action                   || total
-------------------------++-------
Melee: Unarmed           ||     6
       Short sword       ||    35
 Cast: Sandblast         ||    31
  Use: Scroll            ||     1
       Potion            ||     1
Armor: Robe              ||     4
       Ring mail         ||    21
Dodge: Dodged            ||    37
